Map: Oxide LE

Players

HeroMarine - Winner!

  • Race: Terran Terran
  • League: Grandmaster

soul

  • Race: Terran Terran
  • League: Master

Event: TSL 7

VOD

Have the link to the VOD?

Description

Time

  • Played on: June 19, 2021, 1:41 p.m.
  • Length: 11:13

All games in this series

Show
View Real Time Build Order
Export as new Build Order

HeroMarine Terran - Winner!

Build Orders:  

Get SALT Encoding   

  12  0:00  SCV  
  13  0:12  SCV  
  14  0:17  Supply Depot  
  14  0:24  SCV  
  15  0:38  SCV  
  15  0:40  Barracks  
  16  0:43  Refinery  
  16  0:50  SCV  
  16  0:52  Refinery  
  17  1:02  SCV  
  18  1:15  SCV  
  19  1:27  Orbital Command, Reaper  
  19  1:32  Supply Depot  
  20  1:42  Factory  
  20  1:52  SCV  
  21  1:59  Reaper  
  22  2:05  SCV  
  23  2:17  SCV  
  23  2:18  Command Center  
  24  2:25  Hellion  
  24  2:29  SCV  
  27  2:32  Barracks Reactor  
  27  2:36  Starport  
  27  2:41  SCV  
  28  2:45  Supply Depot  
  28  2:50  Widow Mine  
  30  2:53  SCV  
  31  3:07  SCV, Marine  
  31  3:08  Marine  
  31  3:12  Factory Tech Lab, Medivac  
  36  3:19  SCV  
  37  3:22  Refinery  
  37  3:25  Marine x2  
  39  3:31  SCV, Orbital Command  
  40  3:38  Cyclone  
  43  3:43  SCV  
  43  3:45  Starport Tech Lab  
  43  3:46  Marine  
  43  3:48  Marine  
  45  3:55  SCV  
  47  3:57  Supply Depot  
  47  3:58  SCV  
  48  4:03  Raven  
  48  4:05  Marine  
  48  4:06  Marine  
  52  4:11  SCV  
  53  4:17  SCV  
  53  4:20  Siege Tank  
  53  4:23  Marine  
  53  4:24  Marine  
  56  4:32  SCV x2  
  56  4:35  Supply Depot  
  58  4:40  Marine  
  58  4:41  Marine  
  58  4:43  Supply Depot  
  58  4:44  SCV x2  
  62  4:56  Raven, Command Center  
  64  5:00  SCV x2  
  64  5:04  Supply Depot  
  64  5:06  Siege Tank  
  69  5:09  Marine x2  
  69  5:13  SCV x2  
  72  5:25  SCV x2  
  72  5:27  Refinery, Marine x2  
  74  5:37  SCV x2  
  74  5:38  Siege Tank  
  79  5:47  Barracks  
  79  5:48  Barracks  
  79  5:49  SCV  
  81  5:50  SCV  
  81  5:51  Viking x2  
  85  5:57  Marine  
  86  6:07  SCV x2, Engineering Bay  
  86  6:08  Engineering Bay  
  88  6:16  Orbital Command  
  88  6:19  SCV x2  
  88  6:21  Marine, Viking x2  
  95  6:31  Siege Tank  
  95  6:32  SCV x2  
  97  6:37  Terran Infantry Armor Level 1, Terran Infantry Weapons Level 1  
  97  6:38  Barracks Reactor  
  97  6:39  Barracks Reactor  
  97  6:40  Marine  
  100  6:50  Barracks x2  
  100  6:53  Viking  
  100  6:56  Viking  
  100  6:58  Supply Depot  
  93  7:02  SCV x2  
  86  7:12  Marine  
  86  7:14  Siege Tank  
  88  7:16  Orbital Command  
  65  7:31  Viking x2  
  63  7:39  Marine x2  
  63  7:40  Marine  
  63  7:42  Orbital Command  
  66  7:45  SCV  
  59  7:58  SCV  
  51  8:10  SCV  
  45  8:19  SCV  
  44  8:27  SCV  
  44  8:31  Refinery x2, SCV  
  44  8:39  SCV, Barracks  
  45  8:42  Barracks  
  45  8:44  SCV  
  46  8:51  SCV  
  44  8:56  SCV  
  44  8:58  Orbital Command  
  44  9:00  Marine  
  45  9:05  Factory  
  45  9:08  SCV  
  37  9:18  Marine  
  37  9:20  SCV  
  39  9:28  SCV, Marine x2  
  42  9:32  SCV  
  42  9:36  Marine  
  44  9:40  SCV  
  44  9:45  SCV  
  45  9:46  Marine  
  45  9:50  Factory Tech Lab  
  45  9:52  Refinery, SCV, Marine  
  45  9:57  SCV  
  46  10:06  SCV  
  46  10:13  Supply Depot  
  46  10:14  Supply Depot  
  46  10:15  Supply Depot  
  46  10:18  SCV  
  46  10:23  Marine  
  46  10:24  Marine  
  46  10:27  SCV  
  46  10:34  Marine  
  47  10:39  SCV  
  47  10:41  Marine x2  
  49  10:46  Factory  
  49  10:47  Refinery  
  49  10:48  Refinery  
  43  10:51  SCV  
  43  10:52  Marine  
Show
View Real Time Build Order
Export as new Build Order

soul Terran 

Build Orders:  

Get SALT Encoding   

  12  0:00  SCV  
  13  0:12  SCV  
  14  0:17  Supply Depot  
  14  0:24  SCV  
  15  0:38  SCV  
  15  0:39  Barracks  
  16  0:43  Refinery  
  16  0:50  SCV  
  16  0:52  Refinery  
  17  1:02  SCV  
  18  1:14  SCV  
  19  1:26  Reaper  
  19  1:27  Orbital Command, Supply Depot  
  20  1:41  Factory  
  20  1:52  SCV  
  21  1:58  Reaper  
  22  2:04  SCV  
  23  2:16  SCV  
  23  2:19  Command Center  
  24  2:25  Hellion  
  24  2:29  SCV  
  27  2:30  Barracks Reactor  
  27  2:38  Supply Depot  
  27  2:41  SCV  
  28  2:47  Hellion  
  28  2:51  Starport  
  30  2:54  SCV  
  31  3:06  SCV  
  31  3:07  Marine x2  
  31  3:09  Factory Tech Lab  
  34  3:18  SCV  
  35  3:25  Marine x2  
  37  3:27  Medivac  
  37  3:31  Siege Tank  
  37  3:32  Orbital Command  
  42  3:35  SCV  
  42  3:39  Refinery  
  43  3:43  Marine x2  
  45  3:51  SCV  
  45  3:52  Supply Depot  
  46  3:55  Supply Depot  
  46  3:57  SCV  
  47  4:03  SCV  
  47  4:09  Factory Tech Lab  
  49  4:10  SCV  
  49  4:11  Raven  
  49  4:15  SCV  
  50  4:17  Marine  
  50  4:22  SCV  
  50  4:27  SCV  
  50  4:30  Marine  
  51  4:33  Cyclone  
  51  4:34  SCV  
  51  4:35  Marine  
  56  4:39  SCV  
  56  4:42  Supply Depot  
  57  4:46  SCV  
  57  4:48  Marine  
  57  4:51  SCV  
  60  4:53  Raven  
  60  4:58  SCV  
  63  5:02  Command Center  
  63  5:03  SCV  
  64  5:10  SCV  
  64  5:11  Refinery, Siege Tank  
  68  5:14  Marine  
  68  5:15  SCV  
  68  5:18  Marine  
  71  5:22  SCV  
  71  5:28  SCV  
  70  5:35  SCV, Supply Depot  
  71  5:36  Supply Depot  
  71  5:42  SCV  
  72  5:43  Siege Tank  
  75  5:52  Barracks  
  75  5:53  Viking  
  75  5:54  Barracks  
  77  5:57  Viking  
  77  5:59  Supply Depot  
  77  6:01  SCV  
  80  6:04  Marine  
  80  6:05  SCV  
  82  6:13  SCV  
  82  6:15  Orbital Command  
  82  6:16  Siege Tank  
  86  6:22  Marine  
  86  6:25  Viking  
  89  6:27  Viking  
  90  6:36  SCV x2  
  90  6:37  Engineering Bay  
  90  6:39  Engineering Bay  
  92  6:43  Barracks Reactor x2  
  92  6:48  SCV, Siege Tank  
  95  6:54  Viking  
  95  6:55  Marine  
  95  6:59  SCV  
  91  7:07  Viking  
  81  7:12  Marine  
  77  7:19  Marine x4  
  41  7:30  Marine  
  41  7:33  Siege Tank  
  41  7:48  Marine  
  41  7:49  Marine x2  
  44  7:51  Orbital Command  
  43  8:06  Marine x2  
  43  8:07  Marine  
  44  8:24  Marine x2  
  36  8:59  SCV  
Tags
 
Add a new tag
Caveats
  • Supply blocks, unpowered buildings, or Contaminate may cause inaccurate times.
  • Supply counts are checked every 10 seconds.